Map: Traitor's Exile

Players

chombi

  • Race: Terran Terran
  • Spawn Location: 9:00

llllllllllll

  • Race: Protoss Protoss
  • Spawn Location: 12:00

Kongo - Winner!

  • Race: Terran Terran
  • Spawn Location: 6:00

PureLegacy - Winner!

  • Race: Terran Terran
  • Spawn Location: 5:00

VOD

Have the link to the VOD?

Description

Time

  • Played on: Nov. 21, 2018, 8:58 a.m.
  • Length: 13:14
Show
View Real Time Build Order
Export as new Build Order

chombi Terran 

Build Orders:  

Get SALT Encoding   

  12  0:04  SCV  
  13  0:17  SCV  
  14  0:29  SCV  
  14  0:34  Supply Depot  
  15  1:49  SCV  
  15  1:51  Refinery x2  
  16  2:01  SCV  
  17  2:13  SCV  
  18  2:25  SCV  
  18  2:40  SCV  
  16  2:53  SCV  
  16  3:05  SCV  
  17  3:17  SCV  
  10  11:48  Command Center  
Show
View Real Time Build Order
Export as new Build Order

llllllllllll Protoss 

Build Orders: Cannon Rush, Dark Templar Rush 

Get SALT Encoding   

  12  0:09  Pylon  
  12  0:10  Probe  
  13  0:18  Probe  
  13  0:27  Probe  
  14  0:30  Forge  
  15  0:39  Probe  
  16  0:43  Pylon  
  16  0:52  Probe  
  16  0:55  Gateway  
  16  0:56  Assimilator  
  17  1:01  Assimilator  
  17  1:03  Photon Cannon  
  17  1:05  Pylon  
  17  1:07  Pylon  
  17  1:11  Pylon  
  17  1:20  Photon Cannon  
  17  1:33  Probe  
  17  1:41  Probe  
  17  1:43  Cybernetics Core  
  17  1:46  Photon Cannon  
  18  1:51  Probe  
  19  1:56  Gateway  
  19  1:59  Probe  
  19  2:07  Probe  
  20  2:11  Pylon  
  21  2:18  Probe  
  21  2:22  Pylon  
  22  2:23  Twilight Council  
  22  2:30  Probe  
  22  2:34  Photon Cannon  
  22  2:36  Photon Cannon  
  23  2:39  Warp Gate  
  23  2:42  Probe  
  24  2:45  Stalker  
  24  2:50  Stalker  
  28  3:10  Dark Shrine  
  28  3:19  Stalker  
  29  3:32  Pylon  
  28  3:43  Pylon  
  28  3:46  Pylon  
  28  3:49  Gateway  
  28  3:50  Gateway  
  28  3:52  Gateway  
  28  3:55  Gateway  
  28  3:56  Shield Battery  
  28  3:57  Gateway  
  32  4:11  Shield Battery x2  
  32  4:14  Pylon  
  32  4:16  Pylon  
  30  4:21  Photon Cannon  
  30  4:30  Protoss Ground Weapons Level 1  
  30  4:32  Pylon  
  26  4:38  Pylon  
  22  4:46  Dark Templar  
  22  4:47  Dark Templar  
  22  4:52  Pylon  
  26  4:55  Pylon  
  26  4:57  Pylon  
  26  4:58  Dark Templar  
  26  4:59  Probe  
  28  5:05  Pylon  
  29  5:07  Probe  
  29  5:08  Pylon  
  26  5:21  Dark Templar x3  
  30  5:29  Dark Templar  
  30  5:32  Dark Templar  
  34  5:40  Charge  
  30  5:54  Zealot  
  30  5:55  Stalker  
  32  6:06  Pylon  
  32  6:07  Dark Templar  
  32  6:10  Stalker x2, Zealot  
  34  6:34  Stalker x2  
  34  6:35  Stalker x4  
  36  6:47  Zealot  
  38  6:55  Gateway  
  38  6:57  Gateway  
  38  7:00  Zealot x6  
  48  7:14  Stalker  
  50  7:26  Stalker x2  
  50  7:27  Stalker x3  
  56  7:39  Stalker  
  56  7:41  Stalker  
  50  7:52  Stalker x3  
  50  7:53  Zealot  
  50  7:55  Sentry  
  56  8:15  Stalker  
  56  8:16  Zealot x4  
  56  8:45  Stalker x5  
  58  9:20  Stalker  
  58  9:21  Stalker x4  
  44  9:38  Sentry x2  
  34  10:03  Zealot x4  
  34  10:04  Zealot x3  
  28  10:25  Stalker x3  
  34  10:39  Stalker x2  
Show
View Real Time Build Order
Export as new Build Order

Kongo Terran - Winner!

Build Orders:  

Get SALT Encoding   

  12  0:02  SCV  
  13  0:14  SCV  
  13  0:18  Supply Depot  
  14  0:26  SCV  
  15  0:32  Refinery  
  15  0:40  SCV  
  16  0:49  Barracks  
  16  0:55  SCV  
  17  1:05  Refinery  
  17  1:07  SCV  
  18  1:21  Barracks  
  18  1:25  SCV  
  19  1:38  Reaper  
  20  1:45  Orbital Command  
  20  1:55  Supply Depot  
  21  2:08  Reaper  
  21  2:13  Reaper  
  21  2:14  SCV  
  23  2:26  SCV  
  24  2:38  SCV  
  24  2:43  Reaper  
  26  2:48  Reaper  
  27  2:57  SCV  
  28  3:01  Factory  
  28  3:09  SCV  
  28  3:11  Command Center  
  29  3:28  SCV  
  29  3:29  Barracks Tech Lab  
  29  3:30  Reaper  
  29  3:32  Barracks  
  31  3:47  Engineering Bay  
  31  3:48  Starport  
  30  4:20  Marine  
  30  4:21  Stimpack  
  30  4:22  Marine x2  
  30  4:23  Orbital Command  
  30  4:24  Starport Tech Lab, Supply Depot  
  33  4:38  Marine  
  33  4:45  Missile Turret  
  34  4:47  Supply Depot  
  34  4:58  Raven  
  34  5:00  SCV  
  34  5:02  Terran Infantry Weapons Level 1  
  34  5:05  Engineering Bay  
  35  5:10  Missile Turret  
  34  5:15  Marine  
  34  5:17  Supply Depot  
  35  5:25  SCV x2  
  37  5:29  Marauder  
  37  5:34  Marine x2  
  40  5:49  Marine  
  40  5:52  Marine  
  42  6:06  Marine  
  42  6:07  Marine  
  42  6:08  Factory Reactor  
  42  6:09  Medivac  
  42  6:10  Marine  
  42  6:11  Terran Infantry Armor Level 1  
  47  6:14  Supply Depot  
  47  6:17  Orbital Command  
  47  6:27  Marine x2, Supply Depot  
  49  6:46  Marine x3  
  49  6:59  Concussive Shells  
  49  7:03  Marine  
  49  7:04  Marine x2  
  52  7:11  Medivac x2  
  52  7:15  Missile Turret  
  56  7:21  Marine x2  
  56  7:22  Marine  
  48  7:39  Marine x2  
  48  7:42  Marine  
  48  7:49  SCV x2  
  48  7:51  Refinery  
  48  7:54  Medivac  
  48  7:57  Marine  
  52  7:59  Marine, Armory  
  52  8:01  SCV x2  
  52  8:02  Combat Shield  
  52  8:03  Barracks Reactor  
  44  8:20  Marine x2  
  43  8:28  Siege Tank  
  41  8:37  Marine x2  
  41  8:40  Marine  
  38  8:55  Marine x2  
  36  8:57  Medivac  
  36  9:00  Terran Infantry Weapons Level 2  
  34  9:10  Marine  
  34  9:14  Marauder  
  21  9:31  Marine  
  16  9:36  Orbital Command  
  15  9:52  SCV  
  16  10:05  Marine x2  
  18  10:09  SCV  
  18  10:13  Marine  
  20  10:22  Marine  
  20  10:23  Siege Tank, Marine x2  
  26  10:30  Marine  
  26  10:33  SCV  
  28  10:40  Marauder  
  28  10:41  Marine x2  
  31  10:48  Marine  
  32  10:51  SCV x2  
  34  10:58  Marine  
  34  11:02  Marauder  
  34  11:03  SCV x2  
  39  11:15  SCV x2  
  41  11:23  Marine, Marauder  
  44  11:27  SCV  
  44  11:28  SCV  
  50  11:40  SCV x2  
  51  11:52  SCV  
  54  11:55  SCV  
  53  12:07  Viking x2  
  54  12:09  SCV x2  
  54  12:11  Supply Depot, Refinery x2  
  56  12:23  SCV  
  57  12:32  Starport  
  57  12:36  Viking  
  59  12:40  Viking  
  59  12:41  Command Center  
Show
View Real Time Build Order
Export as new Build Order

PureLegacy Terran - Winner!

Build Orders:  

Get SALT Encoding   

  12  0:05  SCV  
  13  0:17  SCV  
  14  0:21  Supply Depot  
  14  0:29  SCV  
  14  0:30  Refinery  
  15  0:43  SCV  
  15  0:47  Barracks  
  16  1:14  Barracks  
  16  1:36  Marine  
  15  2:04  Orbital Command  
  14  2:20  Barracks  
  14  2:34  SCV  
  14  2:35  Barracks Tech Lab  
  15  2:42  Reaper  
  15  2:43  Reaper  
  17  2:49  Refinery  
  17  2:53  SCV  
  18  3:00  Supply Depot  
  18  3:05  SCV  
  19  3:12  Reaper  
  20  3:17  Reaper  
  21  3:20  SCV  
  22  3:27  Reaper  
  22  3:32  SCV  
  24  3:42  Supply Depot  
  24  3:51  Reaper x2  
  26  3:57  Engineering Bay  
  26  3:58  SCV  
  27  4:10  SCV  
  27  4:15  Reaper  
  29  4:22  SCV  
  29  4:23  Missile Turret  
  30  4:27  Missile Turret  
  30  4:38  Reaper x2  
  30  4:41  Terran Infantry Weapons Level 1  
  31  4:48  Reaper  
  32  4:57  SCV  
  33  5:13  Reaper  
  33  5:14  Reaper  
  34  5:21  Barracks  
  34  5:23  Reaper, Barracks  
  34  5:26  SCV  
  36  5:28  Supply Depot  
  36  5:48  Reaper  
  36  5:49  Reaper  
  38  5:54  Command Center  
  38  6:06  Reaper  
  38  6:27  Reaper  
  36  6:34  Reaper x2  
  36  6:35  Reaper  
  36  6:37  Terran Infantry Armor Level 1  
  36  6:39  Reaper  
  37  6:47  SCV  
  37  6:49  Supply Depot  
  38  6:59  Reaper  
  38  7:06  Reaper  
  39  7:08  Reaper  
  39  7:11  SCV  
  41  7:16  Refinery  
  41  7:20  Refinery  
  38  7:42  Reaper  
  38  7:43  Reaper x3  
  40  7:47  Orbital Command  
  40  7:48  SCV  
  40  7:51  Reaper  
  42  8:00  SCV  
  43  8:12  SCV  
  44  8:15  Reaper x3  
  44  8:16  Barracks, SCV  
  44  8:17  Barracks  
  44  8:19  Reaper  
  49  8:27  Reaper  
  49  8:30  SCV, Supply Depot  
  51  8:47  Reaper x2  
  53  8:50  Reaper  
  53  8:51  Reaper  
  53  8:52  SCV x2  
  57  9:02  Reaper  
  57  9:03  Reaper  
  57  9:08  SCV x2  
  60  9:10  Reaper  
  60  9:14  Supply Depot  
  60  9:15  Barracks  
  61  9:20  SCV x2  
  61  9:21  Reaper  
  61  9:22  Reaper  
  64  9:34  Reaper x2  
  64  9:38  Reaper x2  
  68  9:42  Reaper, Supply Depot  
  68  9:43  Barracks  
  69  9:46  SCV x2  
  69  9:53  Reaper  
  69  9:59  Reaper  
  68  10:02  Reaper  
  68  10:04  SCV x2  
  68  10:06  Reaper x2, Supply Depot  
  72  10:17  Reaper x2  
  74  10:21  Reaper  
  74  10:25  Reaper  
  74  10:28  Supply Depot, Command Center  
  76  10:31  Reaper  
  76  10:43  Reaper x3  
  76  10:48  Reaper  
  78  10:50  Reaper x2  
  78  10:59  Reaper  
  78  11:00  Reaper  
  78  11:03  Reaper  
  81  11:06  Supply Depot x2  
  81  11:10  SCV x2  
  83  11:15  Reaper x2  
  85  11:27  Reaper x4  
  85  11:31  Reaper  
  85  11:32  Reaper  
  91  11:36  Reaper  
  92  11:44  Orbital Command  
  92  11:47  Reaper x2, Supply Depot  
  94  12:05  Reaper x5  
Tags
 
Add a new tag
Caveats
  • Supply blocks, unpowered buildings, or Contaminate may cause inaccurate times.
  • Supply counts are checked every 10 seconds.